 Dungeon Crawl Stone Soup version 0.30-a0-586-g23e55c9e0a (webtiles) character file.

Game seed: 12244209542896997656

18 Dirtsage the Slasher (level 2, -1/24 HPs)
             Began as a Demonspawn Monk on Jan 3, 2023.
             Succumbed to an adder's poison
             ... on level 1 of the Dungeon.
             The game lasted 00:01:06 (500 turns).

Dirtsage the Slasher (Demonspawn Monk)               Turns: 500, Time: 00:01:07

Health: -1/24      AC:  2    Str: 11    XL:     2   Next: 51%
Magic:  2/2        EV: 12    Int: 11    God:
Gold:   24         SH:  0    Dex: 15    Spells: 1/1 levels left

rFire   . . .      SeeInvis .    a - +0 falchion
rCold   . . .      Faith    .    (no shield)
rNeg    . . .      Spirit   .    b - +0 robe
rPois   .          Reflect  .    (no helmet)
rElec   .          Harm     .    (no cloak)
rCorr   .          Rampage  .    (no gloves)
Will    .....                    (no boots)
Stlth   ++                       (no amulet)
HPRegen 0.24/turn                (no ring)
MPRegen 0.08/turn                (no ring)

@: lethally poisoned (-1 -> -9), slowed, very slow
A: claws 1
a: no special abilities


You were on level 1 of the Dungeon.
You visited 1 branch of the dungeon, and saw 2 of its levels.

You collected 24 gold pieces.

Inventory:

Hand Weapons
 a - a +0 falchion (weapon)
Armour
 b - a +0 robe (worn)
Scrolls
 e - a scroll of identify {unknown}
 f - a scroll of vulnerability {unknown}
Potions
 c - 2 potions of ambrosia
 d - a potion of curing {unknown}
 g - a potion of heal wounds {unknown}


   Skills:
 - Level 3.0 Fighting
 - Level 3.2 Long Blades
 - Level 2.6 Dodging
 - Level 1.7 Stealth
 * Level 1.0 Unarmed Combat


You had one spell level left.
You didn't know any spells.
Your spell library contained the following spells:

 Spells                   Type           Power      Damage    Failure   Level
 Beastly Appendage        Tmut           0%         N/A       34%         1
 Wereblood                Tmut           0%         N/A       47%         2
 Spider Form              Tmut/Pois      0%         N/A       71%         3


Dungeon Overview and Level Annotations

Branches:
Dungeon (2/15)

Altars:

Annotations:
D:2 Jessica


Innate Abilities, Weirdness & Mutations

You have sharp fingernails.


Message History

You can't go down here!
The adder closely misses you. The adder misses you.
You climb upwards.
There is a stone staircase leading down here.
You barely miss the adder. The adder barely misses you. The adder bites you.
You take 1 damage, and have 23/24 hp.
You miss the adder. The adder closely misses you. x2
Health restored: 24 You hit the adder.
The adder is severely wounded.
The adder bites you.
You are poisoned.
The adder poisons you! The adder barely misses you.
You take 1 damage, and have 23/24 hp.
You closely miss the adder.
The adder is severely wounded.
You feel very sick. The adder bites you.
You are more poisoned.
The adder poisons you! The adder closely misses you.
You take 6 damage, and have 17/24 hp.
MASSIVE DAMAGE!!
You hit the adder but do no damage.
The adder is severely wounded.
You feel very sick. The adder bites you. The adder closely misses you.
You take 8 damage, and have 9/24 hp.
MASSIVE DAMAGE!!
You barely miss the adder.
The adder is severely wounded.
* * * LOW HITPOINT WARNING * * *
You feel very sick. The adder misses you. The adder bites you.
* * * LOW HITPOINT WARNING * * *
The adder bites you.
* * * LOW HITPOINT WARNING * * *
You are more poisoned.
The adder poisons you!
You take 8 damage, and have 1/24 hp.
MASSIVE DAMAGE!!
You miss the adder.
The adder is severely wounded.
You die...

#.# ##...#........#~~P
######.####.)#.######.###≈≈~
#...........##.# #.###≈~~
#..........##..# #...#≈≈≈
#..........#..## #...#≈≈≈
#..........#.## #...#≈~~
#..........#.########...#≈~P
###########S....[#....###~P.
#@.....#....###P..
#......#.......)..
##......#..........
#.....##.....#.....
##.###....###.#.....
#...#..######.#.....
#...#..# #....#### ##......#
#........
#....##.######.###...


You could see an adder.

Vanquished Creatures
  2 dart slugs (D:1)
  An endoplasm (D:1)
  A goblin (D:1)
  4 hobgoblins
  2 kobolds (D:1)
  A ball python (D:1)
  A frilled lizard (D:1)
  2 rats (D:1)
14 creatures vanquished.

Notes
Turn   | Place    | Note
-------+----------+-------------------------------------------
     0 | D:1      | Dirtsage the Demonspawn Monk began the quest for the Orb.
     0 | D:1      | Reached XP level 1. HP: 18/18 MP: 1/1
   231 | D:1      | Gained mutation: You have sharp fingernails. [demonic
                  | ancestry]
   231 | D:1      | Reached XP level 2. HP: 11/24 MP: 2/2
   442 | D:1      | Reached skill level 1 in Unarmed Combat
   490 | D:2      | Noticed Jessica
   499 | D:1      | HP: 1/24 [adder (3)]
   500 | D:1      | Succumbed to an adder's poison

Illustrated notes

Levels and vault maps discovered:
D:1:      eino_arrival_druids_welcome, layout_rooms
D:2:      layout_basic, dreamdust_princess_corridor, kennysheep_doodads,
          uniq_jessica, uniq_natasha

Skill      XL: |  1  2 |
---------------+-------+-----
Long Blades    | 3 |  3.2
Unarmed Combat | 1 |  1.0
Fighting       | |  3.0
Dodging        | |  2.6
Stealth        | |  1.7

Action                   || total
-------------------------++-------
Melee: Falchion          ||    39
       Punch             ||     1
 Stab: Sleeping          ||     1
Armor: Robe              ||     4
Dodge: Dodged            ||    24

Table legend: (Time is in decaauts)
 A = Elapsed time spent in this place.
 B = Non-inter-level travel time spent in this place.
 C = Inter-level travel time spent in this place.
 D = Time resting spent in this place.
 E = Time spent auto-exploring this place.
 F = Levels seen in this place.
 G = Mean time per level.
                   A        B        C        D        E       F      G
               +--------+--------+--------+--------+--------+-----+--------+
         Total |    509 |    501 |      8 |      0 |    402 |   2 |  254.5 |
       Dungeon |    509 |    501 |      8 |      0 |    402 |   2 |  254.5 |
               +--------+--------+--------+--------+--------+-----+--------+

Top non-repeatable levels by time:
     D:1: 504 daAuts
     D:2: 5 daAuts
